 Dungeon Crawl Stone Soup version 0.23.2-40-g277498a001 (webtiles) character file.

Game seed: 6167011467435944718

2427 Aggronaut the Cleaver (level 9, -7/105 HPs)
             Began as a Black Draconian Berserker on Sept 27, 2019.
             Was a Priest of Trog.
             Mangled by a vampire (10 damage)
             ... on level 6 of the Dungeon.
             The game lasted 00:12:16 (5983 turns).

Aggronaut the Cleaver (Black Draconian Berserker)   Turns: 5983, Time: 00:12:16

Health: -7/105     AC: 10    Str: 33    XL:     9   Next: 24%
Magic:  18/18      EV: 13    Int:  7    God:    Trog [***...]
Gold:   101        SH:  0    Dex: 16    Spells: 8/8 levels left

rFire    . . .     SeeInvis .   a - +0 hand axe
rCold    . . .     Gourm    .   (no shield)
rNeg     + + .     Faith    .   (armour unavailable)
rPois    .         Spirit   .   (helmet restricted)
rElec    +         Reflect  .   x - +2 cloak of Supnudiv {rN+}
rCorr    .         Harm     .   (no gloves)
MR       .....                  (no boots)
Stlth    ..........             (no amulet)
HPRegen  0.27/turn              A - ring "Pabbil" {rN+ Str+5 Dex+5}
MPRegen  0.16/turn              n - ring of magical power

@: berserking, very quick
A: breathe lightning, unfitting armour, electricity resistance, cold-blooded, AC
+7
a: Breathe Lightning, Berserk, Trog's Hand, Renounce Religion


You were on level 6 of the Dungeon.
You worshipped Trog.
Trog was most pleased with you.
You were not hungry.

You visited 1 branch of the dungeon, and saw 6 of its levels.

You collected 288 gold pieces.
You spent 187 gold pieces at shops.

Inventory:

Hand Weapons
 a - a +0 hand axe (weapon)
 y - a +0 battleaxe
Armour
 x - the +2 cloak of Supnudiv (worn) {rN+}
   (You found it on level 5 of the Dungeon)

   It protects you from negative energy.
Jewellery
 e - an uncursed amulet of rage {unknown}
 k - an uncursed amulet of regeneration {unknown}
 n - a ring of magical power (right hand)
 A - the ring "Pabbil" (left hand) {rN+ Str+5 Dex+5}
   (You found it on level 5 of the Dungeon)

   [ring of positive energy]

   It affects your strength (+5).
   It affects your dexterity (+5).
   It protects you from negative energy.
Wands
 f - a wand of iceblast (9)
 o - a wand of scattershot (2)
Scrolls
 i - a scroll of enchant armour {unknown}
 j - 3 scrolls of remove curse
 m - a scroll of magic mapping {unknown}
 t - a scroll of identify {unknown}
 w - a scroll of blinking {unknown}
 B - a scroll of teleportation {unknown}
Potions
 c - 2 potions of might {unknown}
 d - 2 potions of resistance {unknown}
 g - 4 potions of curing
 h - a potion of degeneration {unknown}
 l - 2 potions of lignification
 p - a potion of agility {unknown}
 q - a potion of heal wounds
 r - a potion of magic {unknown}
 s - a potion of invisibility {unknown}
 u - a potion of flight
 v - a potion of haste {unknown}
 z - a potion of ambrosia
Comestibles
 b - 17 rations


   Skills:
 - Level 3.2 Fighting
 + Level 12.5 Axes
 - Level 2.6 Dodging


You had 8 spell levels left.
You didn't know any spells.
Your spell library contained the following spells:

 Spells                   Type           Power        Failure   Level  Hunger
 Mephitic Cloud           Conj/Pois/Air  #.......     80%         3    ####...
 Summon Guardian Golem    Hex/Summ       #.......     80%         3    ####...
 Olgreb's Toxic Radiance  Pois           #.......     99%         4    #####..
 Dragon's Call            Summ           #.........   100%        9    #######


Dungeon Overview and Level Annotations

Branches:
Dungeon (6/15)             Temple (0/1) D:6

Altars:
Dithmenos
Makhleb
Ru
Trog
Vehumet

Shops:
D:6 !

Annotations:
D:6 1 transporter, bildradio's ghost, novice MiBe


Innate Abilities, Weirdness & Mutations

You can breathe wild blasts of lightning.
Your glossy black scales are hard. (AC +7)
You cannot fit into any form of body armour.
You are resistant to electric shocks. (rElec)
You are cold-blooded and may be slowed by cold attacks.


Message History

You closely miss something. You slash bildradio's ghost!
Your tail-slap misses bildradio's ghost.
Bildradio's ghost is severely damaged.
You barely miss the adder zombie. You hit something.
Bildradio's ghost closely misses you. Something hits you.
* * * LOW HITPOINT WARNING * * *
Something bites you!
* * * LOW HITPOINT WARNING * * *
Something draws strength from your injuries!
You miss something. You closely miss the adder zombie.
You hit bildradio's ghost but do no damage.
The adder zombie barely misses you.
You slash something! You tail-slap something. You hit the adder zombie.
You destroy the adder zombie!
Trog accepts your kill.
You closely miss bildradio's ghost. Bildradio's ghost hits you!
* * * LOW HITPOINT WARNING * * *
Something hits you but does no damage. Something bites you!
You die...

#..#≈≈≈≈#.#≈§§§# #...## #(#
#..######.###### #....# #.#
#....###..# ##.##.#### #.#
#........########...#....##
#.#
#....######.......©.......#
#.# ######
#.#############.###.#
#.#©..........#......
#.#.{W.....$.?#.###.#
#.#.@##...##..#.# #)#
#.#..#8...8#..#.# #.#
#.#..##Z..##..#.# #.#
#.#.....©.....#.# #.#
#.#..##ZV.##..#.###'#
#.#..#8...8#..#..#...
#.#..##...##.5#.<#...
#.#..........W#......
#.#....!....VZ#.#.#+#


You could see bildradio's ghost.

Vanquished Creatures
  Pikel (D:4)
  The ghost of terix the Grave Robber, a novice DsNe (D:5)
  Sigmund (D:5)
  A sky beast (D:5)
  3 phantoms
  An ogre (D:6)
  A centaur (D:5)
  2 bullfrogs (D:6)
  Blork the orc (D:5)
  A scorpion (D:4)
  5 killer bees (D:5)
  2 orc wizards (D:4)
  2 orc priests (D:6)
  2 jellies
  2 iguanas (D:5)
  4 worker ants
  A bullfrog simulacrum (D:6)
  7 adders
  4 gnolls
  A shadow imp (D:6)
  An ooze (D:1)
  An adder zombie (D:6)
  An adder skeleton (D:6)
  3 leopard geckos
  9 orcs
  3 bats
  4 giant cockroaches
  4 goblins
  5 hobgoblins
  4 jackals (D:1)
  9 quokkas
  3 ball pythons
  A ball python skeleton (D:5)
  2 frilled lizards
  A jackal zombie (D:5)
  A kobold (D:2)
  A quokka skeleton (D:6)
  2 rats (D:1)
98 creatures vanquished.

Vanquished Creatures (others)
  A worker ant (D:4)
  An adder (D:4)
  A leopard gecko (D:4)
3 creatures vanquished.

Grand Total: 101 creatures vanquished

Notes
Turn   | Place    | Note
-------+----------+-------------------------------------------
     0 | D:1      | Aggronaut the Draconian Berserker began the quest for the
                  | Orb.
     0 | D:1      | Reached XP level 1. HP: 19/19 MP: 1/1
    97 | D:1      | Reached XP level 2. HP: 16/26 MP: 2/2
   287 | D:1      | Reached skill level 4 in Axes
   299 | D:1      | Reached XP level 3. HP: 17/31 MP: 3/3
   476 | D:1      | Reached ** piety under Trog
  1248 | D:2      | Found a radiant altar of Vehumet.
  1251 | D:2      | Found a burning altar of Makhleb.
  1488 | D:2      | Found a shadowy altar of Dithmenos.
  2012 | D:3      | You fall through a shaft!
  2019 | D:4      | Reached XP level 4. HP: 32/38 MP: 4/4
  2038 | D:4      | Reached skill level 5 in Axes
  2113 | D:4      | Noticed Pikel
  2114 | D:4      | Noticed a slave
  2115 | D:4      | Noticed a slave
  2115 | D:4      | Noticed a slave
  2116 | D:4      | Noticed a slave
  2127 | D:4      | Killed Pikel
  2127 | D:4      | Reached skill level 8 in Axes
  2127 | D:4      | Reached XP level 5. HP: 20/45 MP: 5/5
  2127 | D:4      | Reached XP level 6. HP: 23/51 MP: 6/6
  2127 | D:4      | Your scales start taking on a glossy black colour.
  2127 | D:4      | Reached XP level 7. HP: 25/57 MP: 7/7
  2127 | D:4      | Gained mutation: You are resistant to electric shocks.
                  | (rElec) [Black Draconian growth]
  2395 | D:4      | Identified the Papyrus of Virous Slavery
  2802 | D:4      | Reached skill level 9 in Axes
  2808 | D:4      | Found a sacrificial altar of Ru.
  3097 | D:5      | Entered Level 5 of the Dungeon
  3151 | D:5      | Noticed Sigmund
  3160 | D:5      | Killed Sigmund
  3160 | D:5      | Reached XP level 8. HP: 25/63 MP: 8/8
  3163 | D:5      | Reached skill level 10 in Axes
  3171 | D:5      | Reached *** piety under Trog
  3892 | D:5      | Found a transporter.
  3896 | D:5      | Found a transporter.
  3898 | D:5      | Noticed terix's ghost (novice DsNe)
  4000 | D:5      | Got a bloodstained cloak
  4006 | D:5      | Identified the +2 cloak of Supnudiv {rN+} (You found it on
                  | level 5 of the Dungeon)
  4130 | D:5      | Noticed Blork the orc
  4137 | D:5      | Killed Blork the orc
  4272 | D:5      | Got a translucent brass ring
  4687 | D:6      | Reached skill level 11 in Axes
  4964 | D:6      | Found a transporter.
  4964 | D:6      | Noticed bildradio's ghost (novice MiBe)
  4972 | D:6      | Found a transporter.
  5246 | D:6      | Found a bloodstained altar of Trog.
  5251 | D:6      | Identified the ring "Pabbil" {rN+ Str+5 Dex+5} (You found
                  | it on level 5 of the Dungeon)
  5291 | D:6      | Found a staircase to the Ecumenical Temple.
  5615 | D:6      | Found Xisse's Distillery.
  5618 | D:6      | Bought a potion of lignification for 33 gold pieces
  5618 | D:6      | Bought a potion of curing for 33 gold pieces
  5618 | D:6      | Bought a potion of flight for 33 gold pieces
  5618 | D:6      | Bought a potion of ambrosia for 88 gold pieces
  5701 | D:5      | Reached XP level 9. HP: 70/70 MP: 9/9
  5706 | D:5      | Killed terix's ghost
  5706 | D:5      | Reached skill level 12 in Axes
  5983 | D:6      | HP: 3/105 [bildradio's ghost (15)]
  5983 | D:6      | Mangled by a vampire

Skill      XL: |  1  2  3  4  5  6  7  8  9 |
---------------+----------------------------+-----
Axes           | 4 8 9 11 12 | 12.5
Fighting       | |  3.2
Dodging        | |  2.6

Action                   |  1- 3 |  4- 6 |  7- 9 || total
-------------------------+-------+-------+-------++-------
Melee: Hand axe          |    87 |    26 |   276 ||   389
       Tailslap          |     7 |     3 |    47 ||    57
Invok: Berserk           |       |     1 |     6 ||     7
       Trog's Hand       |       |       |     1 ||     1
 Abil: Breathe Lightning |       |       |     4 ||     4
Evoke: Wand              |       |       |     2 ||     2
  Use: Potion            |       |       |     2 ||     2
       Scroll            |       |       |     3 ||     3
 Stab: Sleeping          |     3 |       |     2 ||     5
       Paralysed         |       |       |     1 ||     1
  Eat: Chunk             |     3 |     1 |    13 ||    17
       Ration            |       |       |     2 ||     2
Armor: Skin              |    27 |     9 |    68 ||   104
Dodge: Dodged            |    62 |    13 |   145 ||   220
